 Dungeon Crawl Stone Soup version 0.21.2-1-g0862bd2 (webtiles) character file.

62 smallpebble the Skirmisher (level 4, 0/40 HPs)
             Began as a Hill Orc Fighter on Apr 12, 2019.
             Slain by Grinder (4 damage)
             ... while paralysed by Grinder
             ... on level 3 of the Dungeon.
             The game lasted 00:05:26 (2293 turns).

smallpebble the Skirmisher (Hill Orc Fighter)       Turns: 2293, Time: 00:05:27

Health: 0/40       AC:  9    Str: 19    XL:     4   Next: 8%
Magic:  4/4        EV:  2    Int:  8    God:
Gold:   152        SH:  0    Dex: 10    Spells: 3/3 levels left

rFire    . . .     SeeInvis .   m - +1 spear (flame)
rCold    . . .     Gourm    .   c - +1 shield
rNeg     . . .     Faith    .   n - +0 chain mail
rPois    .         Spirit   .   (no helmet)
rElec    .         Reflect  .   (no cloak)
rCorr    .         Harm     .   (no gloves)
MR       .....                  (no boots)
Stlth    ..........             (no amulet)
HPRegen  0.13/turn              (no ring)
MPRegen  0.09/turn              (no ring)

@: paralysed
A: no striking features
a: no special abilities


You were on level 3 of the Dungeon.
You were not hungry.

You visited 1 branch of the dungeon, and saw 3 of its levels.

You collected 152 gold pieces.

Inventory:

Hand Weapons
 a - a +1 war axe
 m - a +1 spear of flaming (weapon)
Armour
 b - a +0 scale mail
 c - a +1 shield (worn)
 n - a +0 chain mail (worn)
Scrolls
 e - a scroll of enchant weapon
 g - a scroll of enchant armour
 j - 2 scrolls of remove curse
Potions
 d - a potion of might
 h - 2 potions of curing
 i - 2 potions of ambrosia {unknown}
Books
 k - a book of Minor Magic

   Spells                             Type                      Level
   a - Magic Dart                     Conjuration                  1
   b - Blink                          Translocation                2
   c - Call Imp                       Summoning                    2
   d - Slow                           Hexes                        2
   e - Conjure Flame                  Conjuration/Fire             3
   f - Mephitic Cloud                 Conjuration/Poison/Air       3
 l - a book of Cantrips

   Spells                             Type                      Level
   a - Confusing Touch                Hexes                        1
   b - Animate Skeleton               Necromancy                   1
   c - Summon Small Mammal            Summoning                    1
   d - Apportation                    Translocation                1
Comestibles
 f - 7 rations


   Skills:
 - Level 4.0 Fighting
 - Level 3.6(3.7) Axes
 + Level 0.5(2.0) Polearms
 - Level 4.0 Armour
 - Level 0.2 Dodging
 - Level 3.7 Shields


You had 3 spell levels left.
You didn't know any spells.

Dungeon Overview and Level Annotations

Branches:
Dungeon (3/15)

Altars:
Wu Jian

Annotations:
D:3 Grinder


Message History

* * * LOW HITPOINT WARNING * * *
You writhe in agony.
* * * LOW HITPOINT WARNING * * *
You puncture Grinder! You burn Grinder.
Grinder is severely wounded.
Grinder gestures at you.
You barely resist. You hit Grinder. You burn Grinder.
Grinder is almost dead.
Grinder says, "You look like you could use a good racking."
Grinder hits you but does no damage.
You closely miss Grinder.
Grinder is almost dead.
Grinder gestures at you.
You suddenly lose the ability to move!
Grinder hits you but does no damage. Grinder hits you.
* * * LOW HITPOINT WARNING * * *
You writhe in agony.
You die...

#.#...# .###. ... #####
......... #.).# ....#....
#...# ....#.### #...#
#....ยง.###########...#
#...#.#<......#.....# ##
#.#<#.......@...#...#
#<.##.#........5..###...#
..................# #...#
...##...##........###...#
........##..............#
..#...............##.####
.........).............#
##########.........###...#
#........######.#


You could see Grinder.

Vanquished Creatures
  2 adders (D:2)
  An ooze (D:3)
  A worm (D:2)
  A dart slug (D:1)
  2 leopard geckos (D:2)
  10 bats
  3 goblins
  4 hobgoblins
  A quokka (D:3)
  5 kobolds
30 creatures vanquished.

Notes
Turn   | Place    | Note
-------+----------+-------------------------------------------
     0 | D:1      | smallpebble the Hill Orc Fighter began the quest for the Orb.
     0 | D:1      | Reached XP level 1. HP: 19/19 MP: 1/1
   145 | D:1      | Reached XP level 2. HP: 21/27 MP: 2/2
   750 | D:2      | Reached XP level 3. HP: 4/33 MP: 3/3
  1090 | D:2      | Found an ornate altar of the Wu Jian Council.
  1894 | D:3      | Reached XP level 4. HP: 36/40 MP: 4/4
  1964 | D:3      | Noticed Grinder
  1968 | D:3      | Paralysed by Grinder for 5 turns
  1995 | D:3      | Paralysed by Grinder for 3 turns
  2291 | D:3      | Paralysed by Grinder for 5 turns
  2293 | D:3      | Slain by Grinder

Skill      XL: |  1  2  3 |
---------------+----------+-----
Axes           | 3 |  3.6
Fighting       | 4 |  4.0
Armour         | 4 |  4.0
Polearms       | |  0.5
Dodging        | |  0.2
Shields        | |  3.7

Action                   |  1- 3 |  4- 6 || total
-------------------------+-------+-------++-------
Melee: War axe           |   105 |       ||   105
       Spear             |     6 |    23 ||    29
  Use: Scroll            |     4 |       ||     4
       Potion            |     1 |       ||     1
  Eat: Chunk             |     2 |     1 ||     3
       Ration            |       |     1 ||     1
Armor: Scale mail        |    84 |     9 ||    93
       Chain mail        |       |     3 ||     3
Dodge: Dodged            |    63 |     3 ||    66
Block: Shield            |    56 |     5 ||    61
